 Dungeon Crawl Stone Soup version 0.29-a0-563-g64e4043184 (webtiles) character file.

Game seed: 6971495494177113112

542761 croobank the Unseen (level 26, -3/213 HPs)
             Began as a Gnoll Delver on June 9, 2022.
             Was an Initiate of Gozag.
             Slain by a black draconian
             ... wielding a +0 halberd
             ... led by a purple draconian shifter
              (16 damage)
             ... on level 1 of the Realm of Zot on June 12, 2022.
             The game lasted 08:32:36 (73077 turns).

croobank the Unseen (Gnoll Delver)                 Turns: 73077, Time: 08:32:56

Health: -3/213     AC: 29    Str: 19    XL:     26   Next: 4%
Magic:  0/44       EV: 11    Int: 23    God:    Gozag
Gold:   6725       SH: 13    Dex:  7    Spells: 1/59 levels left

rFire   + + .      SeeInvis +   X - +9 broad axe (spect)
rCold   + . .      Faith    .   i - +0 kite shield
rNeg    + + +      Spirit   .   B - +7 swamp dragon scales
rPois   +          Reflect  .   t - -2 hat of the Alchemist {rElec rPois rF+ rC+ rN+ Will+ rMut rCorr}
rElec   +          Harm     .   L - +2 cloak
rCorr   +          Rampage  .   E - +2 pair of gloves
rMut    +          Rage     1%  w - +1 pair of boots {Stlth+}
Will    +++..                   c - amulet of the Firefly {rElec Regen+ rCorr Str+3}
Stlth   +++++++...              G - ring of Harmony {rF+ rN+++ Dex-5 Slay+6 SInv}
HPRegen 2.85/turn               A - +6 ring of intelligence
MPRegen 0.29/turn

@: gold aura, slowed, constricted, studying 2 skills, bribing [the Shoals, the
Snake Pit, the Realm of Zot, the Depths], very slow
A: fangs 1, strong nose, distributed training, iridescent scales 1, berserk 1,
clumsy 1, dopey 1, strong-willed 1, regeneration 2, strong 1, subdued magic 1
}: 3/15 runes: serpentine, barnacled, silver
a: Renounce Religion, Potion Petition, Call Merchant, Bribe Branch


You were on level 1 of the Realm of Zot.
You worshipped Gozag.
Gozag was greatly pleased with you.
You visited 11 branches of the dungeon, and saw 47 of its levels.
You visited the Abyss 2 times.
You visited 1 bazaar.
You visited 1 ziggurat, and saw 7 of its levels.
You also visited: Ice Cave and Volcano.

You collected 31801 gold pieces.
You spent 3675 gold pieces at shops.
You paid 21401 gold pieces to Gozag.

Inventory:

Hand Weapons
 e - the +8 flail "Wuowe" {freeze, rElec rF+ Int+2}
   (You found it on level 4 of the Dungeon)

   It freezes those it strikes, dealing additional cold damage.
   It can also slow down cold-blooded creatures.
   Int:       It affects your intelligence (+2).
   rF:        It protects you from fire.
   rElec:     It insulates you from electricity.
 C - a +2 demon trident of flaming
 H - a +4 executioner's axe of freezing
 Q - the +2 Maxwell's thermic engine {flame, freeze}
   (You took it off a deep elf sorcerer on level 3 of the Elven Halls)

   It burns those it strikes, dealing additional fire damage.
   Big, fiery blades are also staple armaments of hydra-hunters.
   It freezes those it strikes, dealing additional cold damage.
   It can also slow down cold-blooded creatures.
   It becomes more effective when it hits something.
   This effect fades over time.
 U - the +9 dagger "Bitez" {venom, Will- Dex+7}
   (You took it off an orc on level 4 of the Dungeon)

   It poisons the flesh of those it strikes.
   Dex:       It affects your dexterity (+7).
   Will:      It decreases your willpower.
 X - a +9 spectral broad axe (weapon)
Missiles
 I - 2 throwing nets (quivered)
Armour
 i - a +0 kite shield (worn)
 t - the -2 hat of the Alchemist (worn) {rElec rPois rF+ rC+ rN+ Will+ rMut rCorr}
   (You found it on level 1 of the Shoals)

   rF:        It protects you from fire.
   rC:        It protects you from cold.
   rElec:     It insulates you from electricity.
   rPois:     It protects you from poison.
   rN:        It protects you from negative energy.
   rCorr:     It protects you from acid and corrosion.
   rMut:      It protects you from mutation.
   Will:      It increases your willpower.
 w - a +1 pair of boots of stealth (worn)
 B - +7 swamp dragon scales (worn)
 E - a +2 pair of gloves (worn)
 L - a +2 cloak (worn)
Jewellery
 a - the ring of Luhiddis {rC+ Str+6 Slay+2 Stlth+}
   (You bought it in a shop in a bazaar)

   [ring of strength]

   Str:       It affects your strength (+6).
   Slay:      It affects your accuracy & damage with ranged weapons and melee
   (+2).
   rC:        It protects you from cold.
   Stlth:     It makes you more stealthy.
 c - the amulet of the Firefly (around neck) {rElec Regen+ rCorr Str+3}
   (You took it off a merfolk on level 2 of the Lair of Beasts)

   [amulet of regeneration]

   Str:       It affects your strength (+3).
   rElec:     It insulates you from electricity.
   Regen:     It increases your rate of health regeneration.
   rCorr:     It protects you from acid and corrosion.
 j - a +6 ring of strength
 n - a ring of see invisible
 A - a +6 ring of intelligence (right hand)
 D - a ring of protection from cold
 G - the ring of Harmony (left hand) {rF+ rN+++ Dex-5 Slay+6 SInv}
   (You took it off a deep elf demonologist on level 3 of the Elven Halls)

   [ring of protection from fire]

   Dex:       It affects your dexterity (-5).
   Slay:      It affects your accuracy & damage with ranged weapons and melee
   (+6).
   rF:        It protects you from fire.
   rN:        It renders you almost immune to negative energy.
   SInv:      It lets you see invisible.
 T - the ring "Voriw" {Fly rC+ rN+ rCorr Dex-2}
   (You took it off a fire giant on level 5 of the Vaults)

   [ring of positive energy]

   Dex:       It affects your dexterity (-2).
   rC:        It protects you from cold.
   rN:        It protects you from negative energy.
   Fly:       It grants you flight.
   rCorr:     It protects you from acid and corrosion.
 W - the ring of the Cuttlefish {Ice Dex+3}
   (You took it off Josephina on level 2 of the Depths)

   [ring of ice]

   It enhances your ice magic.
   Dex:       It affects your dexterity (+3).
   rF:        It makes you vulnerable to fire.
   rC:        It protects you from cold.
 Y - the ring of the Thirsty Hosts {MP+9 Dex+6}
   (You found it on level 3 of the Shoals)

   [ring of magical power]

   Dex:       It affects your dexterity (+6).
   MP:        It affects your magic capacity (+9).
Wands
 f - a wand of paralysis (19)
 g - a wand of digging (8)
 m - a wand of iceblast (22)
 x - a wand of acid (17)
 J - a wand of mindburst (3)
 V - a wand of flame (52)
 Z - a wand of charming (8)
Scrolls
 d - 22 scrolls of teleportation
 q - 9 scrolls of poison
 r - 8 scrolls of immolation
 s - 7 scrolls of fear
 z - 5 scrolls of magic mapping
 R - 3 scrolls of blinking
Potions
 b - 3 potions of magic
 h - 4 potions of ambrosia
 l - 3 potions of berserk rage
 o - 6 potions of resistance
 p - 32 potions of curing
 u - 10 potions of brilliance
 v - 9 potions of cancellation
 F - 5 potions of haste
 M - 9 potions of flight
 N - 11 potions of lignification
 O - 5 potions of might
 P - 8 potions of mutation
 S - 6 potions of attraction
Miscellaneous
 k - a condenser vane
 K - a phial of floods


   Skills:
 + Level 18.4 Fighting
 + Level 17.4 Short Blades
 + Level 17.4 Long Blades
 + Level 17.9 Axes
 + Level 18.7 Maces & Flails
 + Level 17.4 Polearms
 + Level 17.4 Staves
 + Level 17.4 Slings
 + Level 17.4 Bows
 + Level 17.4 Crossbows
 + Level 17.4 Throwing
 + Level 17.4 Armour
 + Level 17.9 Dodging
 + Level 19.4 Stealth
 + Level 17.4 Shields
 + Level 17.4 Unarmed Combat
 + Level 17.4 Spellcasting
 + Level 14.8 Conjurations
 + Level 14.8 Hexes
 + Level 16.7 Summonings
 + Level 14.8 Necromancy
 + Level 14.8 Translocations
 + Level 14.8 Transmutations
 + Level 14.8 Fire Magic
 + Level 14.8 Ice Magic
 + Level 14.8 Air Magic
 + Level 14.8 Earth Magic
 + Level 14.8 Poison Magic
 + Level 18.8 Invocations
 + Level 17.4 Evocations


You had one spell level left.
You knew the following spells:

 Your Spells              Type           Power      Damage    Failure   Level
a - Scorch                Fire           100%       2d10      0%          2
b - Poisonous Vapours     Pois/Air       100%       N/A       0%          2
c - Flame Wave            Conj/Fire      61%        2d12      1%          4
d - Petrify               Tmut/Erth      61%        N/A       1%          4
e - Summon Lightning Spi  Summ/Air       63%        N/A       1%          4
f - Borgnjor's Vile Clut  Necr/Erth      30%        N/A       1%          5
g - Olgreb's Toxic Radia  Pois           61%        N/A       1%          4
h - Alistair's Intoxicat  Tmut/Pois      40%        N/A       1%          5
i - Hailstorm             Conj/Ice       61%        3d13      1%          4
j - Fireball              Conj/Fire      30%        3d13      1%          5
k - Dispel Undead         Necr           61%        3d21      1%          4
l - Apportation           Tloc           100%       N/A       0%          1
m - Irradiate             Conj/Tmut      30%        3d23      1%          5
n - Summon Cactus Giant   Summ           32%        N/A       1%          6
o - Mephitic Cloud        Conj/Pois/Air  61%        N/A       1%          3

Your spell library contained the following spells:

 Spells                   Type           Power      Damage    Failure   Level
 Foxfire                  Conj/Fire      100%       2x1d9     0%          1
 Magic Dart               Conj           100%       1d8       0%          1
 Necrotize                Necr           100%       1d9       0%          1
 Sandblast                Erth           100%       2d20      0%          1
 Slow                     Hex            100%       N/A       0%          1
 Sting                    Tmut/Pois      100%       1d8       0%          1
 Summon Small Mammal      Summ           100%       N/A       0%          1
 Call Imp                 Summ           65%        N/A       0%          2
 Passwall                 Tmut/Erth      50%        N/A       0%          2
 Static Discharge         Conj/Air       61%        N/A       0%          2
 Sublimation of Blood     Necr           61%        N/A       0%          2
 Confusing Touch          Hex            61%        N/A       1%          3
 Conjure Flame            Conj/Fire      61%        6-21      1%          3
 Frozen Ramparts          Ice            100%       1d12      1%          3
 Gell's Gravitas          Tloc           61%        N/A       1%          3
 Ignite Poison            Fire/Tmut/Pois 61%        N/A       1%          3
 Inner Flame              Hex/Fire       61%        N/A       1%          3
 Lesser Beckoning         Tloc           61%        N/A       1%          3
 Ozocubu's Armour         Ice            61%        N/A       1%          3
 Stone Arrow              Conj/Erth      100%       3d13      1%          3
 Teleport Other           Tloc           61%        N/A       1%          3
 Vampiric Draining        Necr           61%        2d10      1%          3
 Animate Armour           Summ/Erth      100%       N/A       1%          4
 Ice Form                 Ice/Tmut       61%        N/A       1%          4
 Passage of Golubria      Tloc           61%        N/A       1%          4
 Sticky Flame             Conj/Fire      61%        2d8       1%          4
 Summon Ice Beast         Ice/Summ       63%        N/A       1%          4
 Agony                    Necr           61%        N/A       1%          5
 Freezing Cloud           Conj/Ice/Air   30%        6-21      1%          5
 Lightning Bolt           Conj/Air       30%        1d47      1%          5
 Metabolic Englaciation   Hex/Ice        30%        N/A       1%          5
 Silence                  Hex/Air        30%        N/A       1%          5
 Summon Forest            Summ/Tloc      31%        N/A       1%          5
 Summon Mana Viper        Hex/Summ       63%        N/A       1%          5
 Death Channel            Necr           30%        N/A       1%          6
 Eringya's Noxious Bog    Tmut/Pois      30%        N/A       1%          6
 Starburst                Conj/Fire      30%        6d9       1%          6
 Statue Form              Tmut/Erth      40%        N/A       1%          6
 Monstrous Menagerie      Summ           32%        N/A       3%          7
 Ozocubu's Refrigeration  Ice            30%        4d11      9%          7
 Storm Form               Tmut/Air       30%        N/A       9%          7
 Summon Horrible Things   Summ           32%        N/A       32%         8
 Borgnjor's Revivificati  Necr           30%        N/A       61%         8
 Ignition                 Fire           30%        3d10      61%         8
 Lehudib's Crystal Spear  Conj/Erth      30%        10d8      61%         8
 Maxwell's Capacitive Co  Air            30%        ∞         61%         8
 Necromutation            Tmut/Necr      30%        N/A       61%         8
 Chain Lightning          Conj/Air       30%        3d40      100%        9
 Death's Door             Necr           30%        N/A       100%        9
 Fire Storm               Conj/Fire      30%        8d8       100%        9
 Polar Vortex             Ice            30%        N/A       100%        9
 Shatter                  Erth           30%        3d25*     100%        9
 Animate Dead             Necr           Unusable   N/A       N/A         4
 Corpse Rot               Necr/Pois/Air  Unusable   N/A       N/A         4
 Simulacrum               Ice/Necr       Unusable   N/A       N/A         6

Dungeon Overview and Level Annotations

Branches:
Dungeon (15/15)            Temple (1/1) D:4            Lair (6/6) D:10
 Shoals (4/4) Lair:2        Snake (4/4) Lair:2        Slime (0/5) Lair:6
    Orc (2/2) D:10            Elf (3/3) Orc:2        Vaults (5/5) D:13
  Crypt (2/3) Vaults:3     Depths (4/4) D:15            Zot (1/5) Depths:4
  IceCv (visited)         Volcano (visited)

Altars:
Ashenzari
Cheibriados
Dithmenos
Elyvilon
Fedhas
Gozag
Kikubaaqudgha
Nemelex Xobeh
Okawaru
Qazlal
Ru
Sif Muna
Trog
Uskayaw
Vehumet
Wu Jian
Xom
Yredelemnul
Zin
The Shining One
Beogh
Lugonu

Shops:
D:2 *   D:15 (   Orc:2 =(:(   Elf:1 *?[*   Elf:3 (:(   Shoals:1 [
Shoals:4 =**(   Snake:4 (*?*   Vaults:1 *   Vaults:2 *   Depths:1 :=:

Portals:
Hell: Depths:1 Depths:2 Depths:3 Depths:4
Abyss: Depths:3 Depths:4
Pandemonium: Depths:2 Depths:3

Annotations:
Snake:1 Frances
Vaults:4 1 transporter
Crypt:2 3 runed translucent doors, Luix's ghost, veteran MiGl
Depths:1 2 runed translucent doors
Depths:3 Mara
Depths:4 Jory; Parghit


Innate Abilities, Weirdness & Mutations

You have very sharp teeth.
Your uncanny sense of smell can sniff out nearby items.
Your experience applies equally to all skills.
You are partially covered in iridescent scales. (AC +2)
You tend to lose your temper in combat.
You are clumsy. (Dex -2)
You are dopey. (Int -2)
You are strong-willed. (Will+)
You heal very quickly.
Your muscles are strong. (Str +2)
Your spells are a little easier to cast, but a little less powerful.


Message History

The quicksilver dragon bites you but does no damage.
The quicksilver dragon claws you. The death cob hits you.
The tentacled monstrosity barely misses you.
The tentacled monstrosity tentacle-slaps you.
You block the tentacled monstrosity's attack.
The tentacled monstrosity constricts you.
The death cob hits you! The quicksilver dragon bites you!!
* * * LOW HITPOINT WARNING * * *
The quicksilver dragon claws you.
* * * LOW HITPOINT WARNING * * *
The tentacled monstrosity is distracted by your dazzling golden aura.
The black draconian closely misses you. The moth of wrath barely misses you.
The curse toe gestures.
The ghost moth stares at you.
You feel your power leaking away. The moth of wrath closely misses you.
The death cob hits you!
* * * LOW HITPOINT WARNING * * *
The death cob drains your vigour!
You feel as though you will be slow longer.
The yellow draconian annihilator points at you and mumbles some strange words.
The poison arrow misses the ghost moth.
The poison arrow misses you.
The poison arrow hits the death cob!
The death cob partially resists.
The tentacled monstrosity tentacle-slaps you.
* * * LOW HITPOINT WARNING * * *
The tentacled monstrosity tentacle-slaps you but does no damage.
The tentacled monstrosity barely misses you.
The yellow draconian annihilator casts a spell.
The yellow draconian annihilator blinks!
The tentacled monstrosity tentacle-slaps you but does no damage.
The tentacled monstrosity tentacle-slaps you.
* * * LOW HITPOINT WARNING * * *
The tentacled monstrosity tentacle-slaps you but does no damage.
The tentacled monstrosity constricts you.
* * * LOW HITPOINT WARNING * * *
The death cob splashes around in the water.
The quicksilver dragon bites you!!
* * * LOW HITPOINT WARNING * * *
The quicksilver dragon claws you but does no damage.
The black draconian hits you from afar with a +0 halberd!
You die...
Your body crumbles into a pile of gold.

..°.....D... .
.○...... .#
..#z#.#.#...
.#.......#. #
...z>fDdD. .##
.#.D≈XDfq#f..##
$
X..≈≈8zyXX.....


#.yyyD@X# $ ....qdzDDf..# .#..Dffyf#..# q.#.#y#f#. .# ..q q...... # #. ..§....##
# ##. #.# # #. ..# You could see a shadow dragon, 5 tentacled monstrosities, a
green draconian monk, 3 golden dragons, a storm dragon, a black draconian
(berserk, very poisoned), a green draconian, a curse toe, 3 death cobs, 4
quicksilver dragons, 3 draconians, a ghost moth (invisible), 3 deathcaps, 5
moths of wrath, 5 wandering mushrooms and a neutral purple draconian shifter
(wandering).

Vanquished Creatures
  An ancient lich (Vaults:4)
  Josephina (Depths:2)
  Vv (Depths:2)
  A shard shrike (Depths:1)
  Bai Suzhen (Vaults:4)
  9 caustic shrikes
  5 golden dragons
  The ghost of Oleutuy the Sorcerer, a veteran SpVM of Ashenzari (Depths:1)
  The ghost of Atlas the Sorcerer, a veteran DsIE of Vehumet (Depths:1)
  2 bone dragons (Depths:1)
  An electric golem (Zig:4)
  A hellephant (Depths:1)
  Jorgrun (Orc:2)
  5 tentacled monstrosities
  2 liches
  A walking crystal tome (Depths:2)
  Asterion (Vaults:2)
  4 walking frostbound tomes
  A walking earthen tome (Depths:2)
  A walking divine tome (Depths:3)
  4 deep elf blademasters
  3 quicksilver dragons
  4 deep elf master archers
  The ghost of frimble the Bludgeoner, an adept MeIE of Ashenzari (Depths:1)
  7 titans
  3 sphinxes
  A sphinx (shapeshifter) (Vaults:5)
  The ghost of Woytaw the Whirler, an adept HaHu of Okawaru (Depths:1)
  7 shadow dragons
  An ancient champion (Crypt:1)
  Kirke (D:12)
  The ghost of Qootikaff the Warrior, an adept DgFi (Depths:1)
  A kraken (Shoals:4)
  8 storm dragons
  6 tengu reavers
  6 revenants
  10 fire giants
  A draconian monk (Depths:4)
  2 nagarajas (Snake:3)
  8 deep elf sorcerers
  Donald (Snake:3)
  12 frost giants
  4 iron dragons (Vaults:5)
  A fire giant (shapeshifter) (Zig:3)
  A cacodemon (Abyss:1)
  5 balrugs (Depths:1)
  Louise (Shoals:1)
  An orc warlord (Vaults:4)
  6 deep elf elementalists
  23 vault wardens
  2 war gargoyles
  A juggernaut skeleton (Depths:1)
  A reaper (IceCv)
  11 stone giants
  A curse skull (Vaults:3)
  4 ghouls
  15 ironbound preservers
  A draconian stormcaller (Zig:7)
  A spriggan defender (Depths:2)
  4 ironbound thunderhulks
  9 vampire knights
  22 very ugly things
  9 deep elf demonologists
  4 deep elf annihilators
  2 yellow draconians
  13 dire elephants
  4 entropy weavers
  5 spark wasps
  A lorocyproca (Depths:2)
  A white draconian (Depths:4)
  7 deep elf death magi
  5 eidola
  A mummy priest (Crypt:2)
  A green death (Vaults:1)
  5 jiangshi (Crypt:1)
  11 ettins
  11 fire dragons
  11 yaktaur captains
  3 crystal guardians
  3 deep elf high priests
  A shambling mangrove (Zig:5)
  A merfolk impaler (Shoals:2)
  A great orb of eyes (Vaults:3)
  10 ice dragons
  2 peacekeepers
  3 salamander tyrants
  10 anacondas
  Erolcha (D:9)
  3 boulder beetles
  2 spriggan air magi
  12 hydras
  33 vault guards
  An ogre mage (D:15)
  10 centaur warriors
  9 naga warriors
  2 rakshasas (Depths:2)
  4 merfolk avatars
  9 ironbound frosthearts
  A satyr (Shoals:1)
  7 catoblepae
  11 two-headed ogres
  An alligator snapping turtle (Zig:2)
  10 vampire magi
  3 death knights
  5 deep troll shamans
  4 deep troll earth magi
  A naga sharpshooter (Snake:4)
  11 tengu warriors
  A titan zombie (Crypt:1)
  9 death yaks (Lair:6)
  5 orc high priests
  2 spriggan berserkers
  3 shock serpents
  An emperor scorpion zombie (Crypt:2)
  10 hell knights
  A sun demon (Depths:2)
  A soul eater (Depths:2)
  7 iron trolls
  Sonja (Lair:5)
  A storm dragon zombie (Crypt:1)
  17 deep elf knights
  Amaemon (Lair:1)
  15 skeletal warriors
  A spark wasp zombie (Crypt:2)
  A titan skeleton (Vaults:2)
  3 salamander mystics
  2 sixfirhies (Abyss:1)
  A death drake (Zig:6)
  A goliath frog (Zig:5)
  2 shadow demons (Crypt:2)
  A deep troll (shapeshifter) (Vaults:5)
  3 sea snakes
  8 flayed ghosts
  A swamp dragon (Zig:5)
  10 wizards
  49 deep trolls
  16 phantasmal warriors
  3 naga ritualists (Snake:3)
  17 ironbound convokers
  An iron dragon zombie (Depths:2)
  5 orc knights
  A tengu zombie (Vaults:4)
  5 lindwurms
  17 harpies
  9 necromancers
  10 deep elf archers
  45 ugly things
  17 deep elf pyromancers
  A golden dragon skeleton (Crypt:1)
  A harpy (shapeshifter) (Vaults:5)
  3 mana vipers
  26 deep elf zephyrmancers
  2 orc sorcerers (Orc:2)
  2 tengu skeletons
  A will-o-the-wisp (Zig:5)
  6 manticores
  A stone giant zombie (Depths:1)
  3 fauns (Shoals:1)
  12 salamanders
  10 cyclopes
  An eleionoma skeleton (Crypt:2)
  2 iron dragon skeletons
  A sphinx skeleton (Vaults:4)
  2 guardian serpents (Snake:3)
  3 merfolk sirens (Lair:2)
  10 vault sentinels
  4 elephants
  40 black mambas
  2 smoke demons (Depths:1)
  5 naga magi
  An ice statue (IceCv)
  A black mamba (shapeshifter) (Depths:3)
  A torpor snail (Lair:3)
  5 water nymphs
  A molten gargoyle (Volcano)
  Maggie (D:6)
  3 kobold demonologists
  An orange demon (Lair:1)
  A yellow draconian zombie (Crypt:2)
  2 gargoyles
  A death yak zombie (Crypt:1)
  30 yaktaurs
  2 dire elephant skeletons (Crypt:1)
  A hellion (Depths:1)
  9 rime drakes
  A yaktaur zombie (Vaults:4)
  12 cane toads
  4 freezing wraiths
  3 tengu conjurers
  A tormentor (Depths:1)
  13 komodo dragons
  2 unseen horrors
  2 efreet (D:15)
  2 golden dragon simulacra (Depths:2)
  2 anaconda simulacra (IceCv)
  9 merfolk
  An ice devil (Depths:2)
  3 polar bears
  10 trolls
  A merfolk (shapeshifter) (Depths:2)
  A hornet (Depths:2)
  A tengu simulacrum (Vaults:2)
  A wind drake (Shoals:1)
  Grinder (D:5)
  A tarantella (Vaults:2)
  A shadow dragon simulacrum (Depths:2)
  35 slime creatures
  19 blink frogs
  A harpy skeleton (Crypt:1)
  3 snapping turtles
  3 dream sheep
  A culicivora (Vaults:4)
  Sigmund (D:2)
  2 frost giant simulacra (Depths:2)
  2 jumping spiders
  A fire giant simulacrum (Depths:1)
  An ettin skeleton (Vaults:2)
  A stone giant simulacrum (Depths:1)
  4 flying skulls
  3 dire elephant simulacra (IceCv)
  2 shadows
  6 water elementals
  2 air elementals
  A ynoxinul (Abyss:1)
  A spriggan (Depths:2)
  A nameless horror (Lair:4)
  An elf zombie (Vaults:4)
  4 fire elementals
  5 basilisks
  3 hogs (D:12)
  10 wraiths
  4 chaos spawn
  4 wyverns
  A human (shapeshifter) (Vaults:5)
  3 golden eyes (shapeshifter)
  59 yaks
  6 redbacks
  8 steam dragons
  10 vampire mosquitoes
  2 death yak simulacra (IceCv)
  4 wargs
  3 glowing shapeshifter zombies
  25 nagas
  A hydra simulacrum (Crypt:1)
  11 water moccasins
  A floating eye (Depths:2)
  3 acid dragons
  A cane toad skeleton (Crypt:2)
  4 sky beasts (D:7)
  A merfolk skeleton (Crypt:1)
  15 orc warriors
  2 ice beasts
  4 black bears
  A snapping turtle zombie (Crypt:1)
  5 boggarts
  12 wolves
  13 centaurs
  13 ogres
  A floating eye zombie (Depths:2)
  A kobold brigand (D:9)
  11 bullfrogs
  2 human skeletons (Vaults:4)
  6 necrophages
  6 scorpions
  3 cane toad simulacra (IceCv)
  2 gnoll sergeants
  2 two-headed ogre simulacra (IceCv)
  A human simulacrum (Depths:2)
  5 wights (D:9)
  9 killer bees
  6 howler monkeys
  An electric eel (Lair:4)
  22 orc priests
  4 hounds
  9 jellies
  A basilisk zombie (Crypt:2)
  A centaur skeleton (Crypt:2)
  5 iguanas
  17 orc wizards
  2 hell rats (Lair:3)
  3 spriggan simulacra (IceCv)
  A polar bear simulacrum (IceCv)
  2 troll simulacra (IceCv)
  2 wolf simulacra (IceCv)
  A deep dwarf zombie (Crypt:2)
  Robin (D:2)
  13 gnolls
  2 adders
  5 naga simulacra (IceCv)
  2 shadow imps
  8 white imps
  13 ufetubi
  2 worms
  4 dart slugs
  66 orcs
  6 bats
  A bat skeleton (Crypt:1)
  9 endoplasms
  3 giant cockroaches
  12 goblins
  5 hobgoblins
  9 jackals
  2 quokkas (D:3)
  3 training dummies (Elf:3)
  6 ball pythons
  2 frilled lizards (D:3)
  A jackal zombie (Crypt:2)
  7 kobolds
  3 rats
  A tentacle (Shoals:4)
1724 creatures vanquished.

Vanquished Creatures (collateral kills)
  A juggernaut (Depths:1)
  A golden dragon (Depths:3)
  The ghost of Hyev the Spear-Bearer, an adept DsCA of Kikubaaqudgha (Depths:1)
  Rupert (Lair:4)
  A walking frostbound tome (Depths:3)
  A death cob (Depths:4)
  A shadow dragon (Depths:4)
  A draconian monk (Depths:4)
  A storm dragon (Depths:4)
  5 fire giants
  2 frost giants
  An iron dragon (Depths:3)
  4 very ugly things
  2 stone giants
  2 ironbound thunderhulks
  A black draconian (Depths:4)
  3 vampire knights
  A deep elf demonologist (Elf:3)
  A lorocyproca (Depths:4)
  A green draconian (Depths:4)
  A dire elephant (Snake:4)
  3 ettins
  A merfolk impaler (Shoals:3)
  2 fire dragons
  A vault guard (Vaults:3)
  A great orb of eyes (Vaults:3)
  6 ice dragons
  A hell beast (Depths:3)
  A boulder beetle (D:10)
  2 alligator snapping turtles (Shoals:4)
  A spriggan air mage (Depths:2)
  3 naga warriors
  3 death yaks (Lair:6)
  2 deep troll shamans
  A merfolk aquamancer (Shoals:2)
  A deep troll earth mage (Depths:3)
  3 spriggan berserkers
  4 naga sharpshooters
  A sun demon (Depths:2)
  A spriggan (Depths:2)
  2 shock serpents (Snake:2)
  2 deep elf knights
  An iron troll (Depths:3)
  2 salamander mystics (Snake:4)
  7 sea snakes
  3 deep trolls
  A naga ritualist (Snake:4)
  A glowing orange brain (Depths:2)
  2 lindwurms
  A deep elf archer (Elf:3)
  An orc knight (Orc:2)
  A deep elf pyromancer (Elf:3)
  A deep elf zephyrmancer (Elf:3)
  2 harpies (Shoals:4)
  2 ironbound convokers (Vaults:3)
  2 fauns
  An orc sorcerer (Orc:2)
  2 ugly things (Vaults:2)
  A mana viper (Snake:1)
  A necromancer (Depths:3)
  An oklob plant (Snake:3)
  11 manticores
  8 black mambas
  2 merfolk sirens (Shoals:2)
  5 salamanders
  2 vault sentinels (Vaults:3)
  9 naga magi
  A water nymph (Shoals:4)
  2 cane toads
  A komodo dragon (Lair:6)
  4 merfolk
  A wind drake (Shoals:4)
  A hornet (Depths:2)
  An elf zombie (Vaults:2)
  4 blink frogs (Lair:6)
  5 dream sheep
  8 snapping turtles
  7 water elementals
  A wyvern (Lair:6)
  14 yaks
  A basilisk (Lair:6)
  A hog (D:12)
  A death yak simulacrum (IceCv)
  A vampire mosquito (D:15)
  11 nagas
  4 water moccasins
  A floating eye (Depths:4)
  4 orc warriors (Orc:2)
  2 centaurs (D:11)
  A wolf (Lair:6)
  3 two-headed ogre simulacra (IceCv)
  5 orc priests
  8 jellies (Lair:6)
  2 orc wizards
  5 hell rats (Lair:3)
  2 troll simulacra (IceCv)
  A wolf simulacrum (IceCv)
  A naga simulacrum (IceCv)
  2 white imps (IceCv)
  An ufetubus (IceCv)
  28 orcs
  A tentacle (Shoals:4)
281 creatures vanquished.

Vanquished Creatures (others)
  2 dread liches (Depths:3)
  A juggernaut (Depths:4)
  A caustic shrike (Depths:2)
  Nikola (Snake:3)
  A tentacled monstrosity (Depths:3)
  The ghost of Xafer the Impaler, an adept DsGl of Okawaru (Vaults:2)
  The ghost of Orcher the Imperceptible, an adept FeVM of Ru (Depths:1)
  A lich (Depths:3)
  2 titans
  An ancient champion (Depths:3)
  3 tengu reavers
  5 frost giants
  9 fire giants
  3 nagarajas
  2 vault wardens (Vaults:3)
  A spriggan defender (Depths:1)
  An ironbound preserver (Vaults:2)
  A draconian annihilator (Zig:7)
  4 very ugly things (Depths:3)
  2 war gargoyles
  3 ironbound thunderhulks
  3 stone giants
  A red draconian (Depths:4)
  2 yellow draconians (Depths:4)
  3 ettins
  2 merfolk impalers (Shoals:4)
  2 fire dragons
  2 merfolk javelineers (Shoals:4)
  4 yaktaur captains
  2 ice dragons (Depths:3)
  3 salamander tyrants
  An ironbound frostheart (Vaults:3)
  A great orb of eyes (Vaults:3)
  4 vault guards (Vaults:3)
  4 spriggan air magi
  3 deep troll shamans
  3 merfolk aquamancers
  5 naga warriors
  28 dancing weapons
  4 deep troll earth magi
  A hell hog (Depths:3)
  A vampire mage (Depths:3)
  6 naga sharpshooters
  A shock serpent (Snake:4)
  2 hell knights (Depths:3)
  2 salamander mystics (Snake:3)
  2 iron trolls (Depths:3)
  A sea snake (Shoals:4)
  7 deep trolls
  4 naga ritualists
  2 flayed ghosts
  A wizard (Vaults:3)
  An ironbound convoker (Vaults:3)
  A harpy (Shoals:2)
  A deep elf zephyrmancer (Elf:3)
  A necromancer (Vaults:3)
  4 fauns
  3 ugly things
  3 manticores (Shoals:4)
  3 vault sentinels (Vaults:3)
  2 merfolk sirens (Shoals:4)
  2 water nymphs (Shoals:2)
  13 salamanders
  5 black mambas
  8 naga magi
  2 yaktaurs
  A tengu conjurer (Depths:1)
  9 merfolk
  2 snapping turtles (Shoals:4)
  2 water elementals (Shoals:4)
  17 nagas
  A hell hound (Snake:4)
  A glowing shapeshifter simulacrum (Vaults:2)
  An orc wizard (Orc:2)
  An endoplasm (D:4)
  A hobgoblin (D:4)
  2 foxfires (Zig:5)
  27 fungi
  116 plants
  7 tentacles (Shoals:4)
390 creatures vanquished.

Grand Total: 2395 creatures vanquished

Notes
Turn   | Place    | Note
-------+----------+-------------------------------------------
     0 | D:5      | Reached skill level 9 in Stealth
     0 | D:5      | croobank the Gnoll Delver began the quest for the Orb.
     0 | D:5      | Reached XP level 1. HP: 23/23 MP: 1/1
    24 | D:5      | Noticed an orc wizard
    30 | D:4      | Noticed an iguana
    41 | D:4      | Noticed a necrophage
    56 | D:4      | Noticed a hound
   201 | D:3      | Noticed an ogre
   306 | D:1      | Reached XP level 2. HP: 29/29 MP: 2/2
   651 | D:1      | Reached XP level 3. HP: 33/35 MP: 3/3
   912 | D:1      | Reached skill level 1 in Invocations
  1380 | D:2      | Noticed Sigmund
  1510 | D:2      | Found Yngyb's General Store.
  1657 | D:2      | Noticed Robin
  1689 | D:2      | Killed Robin
  1690 | D:2      | Reached skill level 1 in Short Blades
  1690 | D:2      | Reached skill level 1 in Long Blades
  1690 | D:2      | Reached skill level 1 in Maces & Flails
  1690 | D:2      | Reached skill level 1 in Polearms
  1690 | D:2      | Reached skill level 1 in Staves
  1690 | D:2      | Reached skill level 1 in Slings
  1690 | D:2      | Reached skill level 1 in Bows
  1690 | D:2      | Reached skill level 1 in Crossbows
  1690 | D:2      | Reached skill level 1 in Throwing
  1690 | D:2      | Reached skill level 1 in Armour
  1690 | D:2      | Reached skill level 1 in Shields
  1690 | D:2      | Reached skill level 1 in Unarmed Combat
  1690 | D:2      | Reached skill level 1 in Spellcasting
  1690 | D:2      | Reached skill level 1 in Evocations
  1690 | D:2      | Reached XP level 4. HP: 33/41 MP: 5/5
  1955 | D:3      | Killed an ogre
  1956 | D:3      | Reached skill level 1 in Conjurations
  1956 | D:3      | Reached skill level 1 in Hexes
  1956 | D:3      | Reached skill level 1 in Summonings
  1956 | D:3      | Reached skill level 1 in Necromancy
  1956 | D:3      | Reached skill level 1 in Translocations
  1956 | D:3      | Reached skill level 1 in Transmutations
  1956 | D:3      | Reached skill level 1 in Fire Magic
  1956 | D:3      | Reached skill level 1 in Ice Magic
  1956 | D:3      | Reached skill level 1 in Air Magic
  1956 | D:3      | Reached skill level 1 in Earth Magic
  1956 | D:3      | Reached skill level 1 in Poison Magic
  1956 | D:3      | Reached XP level 5. HP: 35/47 MP: 5/7
  2260 | D:3      | Identified the +0 robe "Fased" {-Cast rN+ rCorr Dex+5}
  2324 | D:3      | Found a glowing silver altar of Zin.
  2324 | D:3      | Found a white marble altar of Elyvilon.
  2324 | D:3      | Found a glowing golden altar of the Shining One.
  2327 | D:3      | Found a faded altar of an unknown god.
  2675 | D:3      | Found a sacrificial altar of Ru.
  2712 | D:3      | Found a broken altar of Ashenzari.
  2717 | D:3      | Found a basalt altar of Yredelemnul.
  3108 | D:4      | Reached XP level 6. HP: 23/52 MP: 8/8
  3108 | D:4      | Identified the +8 flail "Wuowe" {freeze, rElec rF+ Int+2}
  3286 | D:4      | Reached skill level 5 in Axes
  3286 | D:4      | Reached skill level 5 in Dodging
  3524 | D:4      | Reached XP level 7. HP: 48/59 MP: 10/10
  3796 | D:4      | Found a staircase to the Ecumenical Temple.
  3817 | Temple   | Entered the Ecumenical Temple
  3833 | Temple   | Became a worshipper of Gozag Ym Sagoz the Greedy
  4005 | D:4      | Noticed a steam dragon
  4326 | D:4      | Identified the +9 dagger "Bitez" {venom, Will- Dex+7}
  4625 | D:5      | Reached skill level 10 in Stealth
  4800 | D:5      | Reached XP level 8. HP: 57/67 MP: 12/12
  4996 | D:5      | Found an ancient bone altar of Kikubaaqudgha.
  5187 | D:5      | Learned a level 2 spell: Scorch
  5599 | D:6      | Found a blossoming altar of Fedhas.
  5801 | D:6      | Found an iron altar of Okawaru.
  5855 | D:6      | Noticed Grinder
  6041 | D:2      | Killed Sigmund
  6042 | D:2      | Reached XP level 9. HP: 73/73 MP: 14/14
  6414 | D:6      | Noticed Maggie
  6427 | D:5      | Paralysed by Grinder for 2 turns
  6431 | D:5      | Killed Grinder
  6633 | D:6      | Killed Maggie
  6852 | D:6      | Reached skill level 5 in Invocations
  7206 | D:7      | Reached XP level 10. HP: 60/80 MP: 17/17
  7234 | D:7      | Reached skill level 5 in Short Blades
  7234 | D:7      | Reached skill level 5 in Long Blades
  7234 | D:7      | Reached skill level 5 in Maces & Flails
  7234 | D:7      | Reached skill level 5 in Polearms
  7234 | D:7      | Reached skill level 5 in Staves
  7234 | D:7      | Reached skill level 5 in Slings
  7234 | D:7      | Reached skill level 5 in Bows
  7234 | D:7      | Reached skill level 5 in Crossbows
  7234 | D:7      | Reached skill level 5 in Throwing
  7234 | D:7      | Reached skill level 5 in Armour
  7234 | D:7      | Reached skill level 5 in Shields
  7234 | D:7      | Reached skill level 5 in Unarmed Combat
  7234 | D:7      | Reached skill level 5 in Spellcasting
  7234 | D:7      | Reached skill level 5 in Evocations
  7269 | D:7      | Learned a level 2 spell: Poisonous Vapours
  7526 | D:7      | Found a radiant altar of Vehumet.
  8137 | D:8      | Reached skill level 11 in Stealth
  8174 | D:8      | Noticed a two-headed ogre
  8325 | D:8      | Learned a level 4 spell: Flame Wave
  8421 | D:8      | Killed a two-headed ogre
  8699 | D:8      | Found a snail-covered altar of Cheibriados.
  8715 | D:8      | Found a stormy altar of Qazlal.
  9645 | D:7      | Reached XP level 11. HP: 31/87 MP: 3/19
 10200 | D:9      | Reached skill level 5 in Conjurations
 10200 | D:9      | Reached skill level 5 in Hexes
 10200 | D:9      | Reached skill level 5 in Summonings
 10200 | D:9      | Reached skill level 5 in Necromancy
 10200 | D:9      | Reached skill level 5 in Translocations
 10200 | D:9      | Reached skill level 5 in Transmutations
 10200 | D:9      | Reached skill level 5 in Fire Magic
 10200 | D:9      | Reached skill level 5 in Ice Magic
 10200 | D:9      | Reached skill level 5 in Air Magic
 10200 | D:9      | Reached skill level 5 in Earth Magic
 10200 | D:9      | Reached skill level 5 in Poison Magic
 10214 | D:9      | Noticed Erolcha
 10540 | D:10     | Entered Level 10 of the Dungeon
 10625 | D:10     | Found a staircase to the Lair.
 10827 | D:10     | Found a sparkling altar of Nemelex Xobeh.
 10870 | D:10     | Found a staircase to the Orcish Mines.
 11312 | D:9      | Noticed a two-headed ogre
 11327 | D:9      | Killed a two-headed ogre
 11811 | D:9      | Gained mutation: You are covered in fur. (AC +1) [potion of
                  | mutation]
 11811 | D:9      | Gained mutation: You sometimes lose the ability to read
                  | scrolls when taking damage. [potion of mutation]
 11811 | D:9      | Gained mutation: You are somewhat resistant to further
                  | mutation. [potion of mutation]
 11812 | D:9      | Lost mutation: You sometimes lose the ability to read
                  | scrolls when taking damage. [potion of mutation]
 11812 | D:9      | Lost mutation: You are somewhat resistant to further
                  | mutation. [potion of mutation]
 11812 | D:9      | Lost mutation: You are covered in fur. (AC +1) [potion of
                  | mutation]
 11812 | D:9      | Gained mutation: You tend to lose your temper in combat.
                  | [potion of mutation]
 11812 | D:9      | Gained mutation: You have large cloven feet. [potion of
                  | mutation]
 11813 | D:9      | Lost mutation: You tend to lose your temper in combat.
                  | [potion of mutation]
 11813 | D:9      | Lost mutation: You have large cloven feet. [potion of
                  | mutation]
 11813 | D:9      | Gained mutation: You have hidden genetic potential. [potion
                  | of mutation]
 11813 | D:9      | Gained mutation: You tend to lose your temper in combat.
                  | [potion of mutation]
 11813 | D:9      | Gained mutation: You are strong-willed. (Will+) [potion of
                  | mutation]
 11813 | D:9      | Gained mutation: You have great hidden genetic potential.
                  | [potion of mutation]
 11846 | D:9      | Cast into level 1 of the Abyss (Erolcha)
 11947 | Abyss:1  | Noticed a thrashing horror
 11954 | Abyss:1  | Noticed a thrashing horror
 12023 | Abyss:1  | Noticed a starcursed mass
 12024 | Abyss:1  | Noticed a starcursed mass
 12053 | D:9      | Escaped the Abyss
 12060 | D:9      | Killed Erolcha
 12440 | D:2      | Bought a scroll of blinking for 82 gold pieces
 12636 | Lair:1   | Entered Level 1 of the Lair of Beasts
 13324 | Lair:1   | Learned a level 4 spell: Petrify
 13358 | Lair:1   | Reached XP level 12. HP: 82/96 MP: 22/22
 14126 | Lair:1   | Noticed Amaemon
 14139 | Lair:1   | Killed Amaemon
 14485 | Lair:1   | Found a blossoming altar of Fedhas.
 14549 | Lair:1   | Gained mutation: Your muscles are strong. (Str +2) [hidden
                  | potential]
 14712 | Lair:1   | Reached skill level 12 in Stealth
 14982 | Lair:2   | Found a staircase to the Shoals.
 15259 | Lair:2   | Reached skill level 10 in Fighting
 15259 | Lair:2   | Noticed a six-headed hydra
 15526 | Lair:2   | Found a glowing golden altar of the Shining One.
 15681 | Lair:2   | Killed a six-headed hydra
 15767 | Lair:2   | Identified the +1 leather armour of Ru's Condemnation
                  | {Int+4}
 15956 | Lair:2   | Found a staircase to the Snake Pit.
 16084 | Lair:2   | Identified the amulet of the Firefly {rElec Regen+ rCorr
                  | Str+3}
 16289 | Lair:2   | Noticed a six-headed hydra
 16347 | Lair:2   | Reached XP level 13. HP: 103/103 MP: 24/24
 17465 | Lair:2   | Gained mutation: Your natural rate of healing is unusually
                  | fast. [hidden potential]
 17465 | Lair:2   | Lost mutation: You have great hidden genetic potential.
                  | [hidden potential expressed]
 18341 | Lair:3   | Learned a level 4 spell: Summon Lightning Spire
 19075 | Lair:4   | Noticed Rupert
 19405 | Lair:4   | Paralysed by Rupert for 5 turns
 19426 | Lair:4   | Killed Rupert
 19857 | Lair:5   | Noticed Sonja
 19866 | Lair:5   | Killed Sonja
 19929 | Lair:5   | Reached skill level 10 in Axes
 19929 | Lair:5   | Reached skill level 10 in Dodging
 19946 | Lair:5   | Reached XP level 14. HP: 83/113 MP: 26/26
 20536 | Lair:6   | Entered Level 6 of the Lair of Beasts
 20550 | Lair:6   | Reached skill level 13 in Stealth
 20555 | Lair:6   | Gained mutation: You heal very quickly. [hidden potential]
 20768 | Lair:6   | Found a staircase to the Slime Pits.
 20769 | Lair:6   | Identified the +8 plate armour "Bobrad" {rPois Will+
                  | Slay+3}
 20788 | Lair:6   | Reached skill level 10 in Invocations
 21268 | Lair:6   | Identified the +6 ring mail "Zilepn" {Harm rF++ rC- Str+2}
 23262 | Lair:6   | Reached XP level 15. HP: 120/120 MP: 4/28
 23960 | D:10     | Found a hide-covered altar of Uskayaw.
 24360 | D:11     | Gained mutation: You are partially covered in iridescent
                  | scales. (AC +2) [hidden potential]
 24360 | D:11     | Lost mutation: You have hidden genetic potential. [hidden
                  | potential expressed]
 24411 | D:11     | Learned a level 5 spell: Borgnjor's Vile Clutch
 24900 | D:12     | You fall into a shaft and drop 1 floor!
 25000 | D:13     | Found a frozen archway.
 25006 | D:13     | Reached skill level 10 in Short Blades
 25006 | D:13     | Reached skill level 10 in Long Blades
 25006 | D:13     | Reached skill level 10 in Maces & Flails
 25006 | D:13     | Reached skill level 10 in Polearms
 25006 | D:13     | Reached skill level 10 in Staves
 25006 | D:13     | Reached skill level 10 in Slings
 25006 | D:13     | Reached skill level 10 in Bows
 25006 | D:13     | Reached skill level 10 in Crossbows
 25006 | D:13     | Reached skill level 10 in Throwing
 25006 | D:13     | Reached skill level 10 in Armour
 25006 | D:13     | Reached skill level 10 in Shields
 25006 | D:13     | Reached skill level 10 in Unarmed Combat
 25006 | D:13     | Reached skill level 10 in Spellcasting
 25006 | D:13     | Reached skill level 10 in Evocations
 25028 | IceCv    | Entered an ice cave
 26795 | D:13     | Found a gate to the Vaults.
 27403 | Orc:1    | Entered Level 1 of the Orcish Mines
 27890 | Orc:1    | Found a dark tunnel.
 27909 | Volcano  | Entered a volcano
 28764 | Orc:2    | Entered Level 2 of the Orcish Mines
 28815 | Orc:2    | Noticed Jorgrun
 28825 | Orc:2    | Killed Jorgrun
 28884 | Orc:2    | Found a staircase to the Elven Halls.
 29316 | Orc:2    | Gained mutation: You are clumsy. (Dex -2) [a neqoxec]
 29456 | Orc:2    | Found Miyfetz's Antique Weapon Emporium.
 29456 | Orc:2    | Found Usmoq's Jewellery Boutique.
 29486 | Orc:2    | Found Quddenk's Book Emporium.
 29486 | Orc:2    | Found Patiuf's Weapon Boutique.
 29691 | Orc:2    | Bought a Young Poisoner's Handbook for 340 gold pieces
 29696 | Orc:2    | Learned a level 4 spell: Olgreb's Toxic Radiance
 29702 | Orc:2    | Learned a level 5 spell: Alistair's Intoxication
 29813 | Snake:1  | Entered Level 1 of the Snake Pit
 29850 | Snake:1  | Learned a level 4 spell: Hailstorm
 29879 | Snake:1  | Reached skill level 14 in Stealth
 29886 | Snake:1  | Reached XP level 16. HP: 68/128 MP: 24/30
 30116 | Snake:1  | Noticed Frances
 30947 | Snake:2  | Noticed a nagaraja
 30987 | Snake:2  | Noticed a nagaraja
 31123 | Snake:2  | Killed a nagaraja
 32070 | Snake:3  | Found an iron altar of Okawaru.
 32130 | Snake:3  | Noticed a nagaraja
 32130 | Snake:3  | Noticed Nikola
 32142 | Snake:3  | Killed Nikola
 32503 | Snake:3  | Cast into level 1 of the Abyss (salamander)
 32538 | Abyss:1  | Gained mutation: You are dopey. (Int -2) [a cacodemon]
 32582 | Snake:3  | Escaped the Abyss
 32816 | Snake:3  | Killed a nagaraja
 33277 | Snake:3  | Noticed a nagaraja
 33289 | Snake:3  | Noticed Donald
 33300 | Snake:3  | Killed a nagaraja
 33308 | Snake:3  | Killed Donald
 33569 | Snake:3  | Reached XP level 17. HP: 136/136 MP: 32/32
 33703 | Snake:3  | HP: 2/136 [nagaraja/+0 spear (27)]
 34302 | Snake:4  | Entered Level 4 of the Snake Pit
 34348 | Snake:4  | Found Jizosote's Magic Scroll Shop.
 34369 | Snake:4  | Bought a scroll of enchant weapon for 150 gold pieces
 34369 | Snake:4  | Bought a scroll of summoning for 190 gold pieces
 34409 | Snake:4  | Found Jaudd's General Store.
 34415 | Snake:4  | Found Ifrizack's General Store.
 34701 | Snake:4  | Identified the +3 chain mail of Kleptomania {rF+ Int+5}
 34712 | Snake:4  | Found Vuuk's Weapon Boutique.
 35373 | Snake:4  | Got a serpentine rune of Zot
 35817 | Orc:2    | Bought a book of Fire for 748 gold pieces
 35823 | Orc:2    | Learned a level 5 spell: Fireball
 35927 | Shoals:1 | Entered Level 1 of the Shoals
 35935 | Shoals:1 | Noticed Louise
 35942 | Shoals:1 | Killed Louise
 36714 | Shoals:1 | Found the -2 hat of the Alchemist {rElec rPois rF+ rC+ rN+
                  | Will+ rMut rCorr}
 36793 | Shoals:1 | Reached skill level 10 in Conjurations
 36793 | Shoals:1 | Reached skill level 10 in Hexes
 36793 | Shoals:1 | Reached skill level 10 in Summonings
 36793 | Shoals:1 | Reached skill level 10 in Necromancy
 36793 | Shoals:1 | Reached skill level 10 in Translocations
 36793 | Shoals:1 | Reached skill level 10 in Transmutations
 36793 | Shoals:1 | Reached skill level 10 in Fire Magic
 36793 | Shoals:1 | Reached skill level 10 in Ice Magic
 36793 | Shoals:1 | Reached skill level 10 in Air Magic
 36793 | Shoals:1 | Reached skill level 10 in Earth Magic
 36793 | Shoals:1 | Reached skill level 10 in Poison Magic
 37059 | Shoals:1 | Found Vemotwu's Antique Armour Emporium.
 37675 | Shoals:2 | Upgraded the game from 0.29-a0-559-g359e09b9d1 to
                  | 0.29-a0-563-g64e4043184
 37733 | Shoals:2 | Found a flickering gateway to a bazaar.
 37758 | Bazaar   | Entered a bazaar
 37762 | Bazaar   | Found Ulirch's Jewellery Boutique.
 37781 | Bazaar   | Found Poollyih's Book Emporium.
 37802 | Bazaar   | Found Geacvum's Antique Weapon Boutique.
 37822 | Bazaar   | Found Rievvienk's Antique Weapon Shoppe.
 37865 | Bazaar   | Bought a book of Decay for 578 gold pieces
 37880 | Bazaar   | Bought the ring of Luhiddis {rC+ Str+6 Slay+2 Stlth+} for
                  | 1339 gold pieces
 38593 | Shoals:3 | Reached skill level 15 in Stealth
 38820 | Shoals:3 | Noticed a titan
 38851 | Shoals:3 | Identified the ring of the Thirsty Hosts {MP+9 Dex+6}
 39413 | Shoals:4 | Entered Level 4 of the Shoals
 39474 | Shoals:4 | Identified the ring of Truth {Fly rElec rC+ Slay-4}
 39534 | Shoals:4 | Found Feuqoid's Jewellery Shop.
 39733 | Shoals:4 | Reached XP level 18. HP: 144/144 MP: 17/34
 39863 | Shoals:4 | Found Suokhusau's Specific Store.
 39875 | Shoals:4 | Found Xyegeh's General Store.
 39879 | Shoals:4 | Bought a wand of iceblast (4) for 128 gold pieces
 39879 | Shoals:4 | Bought a scroll of blinking for 120 gold pieces
 40025 | Shoals:4 | Got a barnacled rune of Zot
 40146 | Shoals:4 | Found Ekahagur's Antique Weapon Emporium.
 40593 | Shoals:3 | Killed a titan
 41520 | D:12     | Noticed Kirke
 41535 | D:12     | Killed Kirke
 42356 | Elf:1    | Entered Level 1 of the Elven Halls
 42606 | Elf:1    | Found Magat's Magic Scroll Shoppe.
 42666 | Elf:1    | Found Keuzauk's General Store.
 42682 | Elf:1    | Found Ygaza's Antique Armour Boutique.
 42813 | Elf:1    | Found Qaecrer's General Store.
 43495 | Elf:2    | Found a huge runed translucent gate.
 43495 | Elf:2    | Found a huge runed translucent gate.
 43495 | Elf:2    | Found a huge runed translucent gate.
 43495 | Elf:2    | Found a huge runed translucent gate.
 43496 | Elf:2    | Found a huge runed translucent gate.
 44214 | Elf:2    | Reached XP level 19. HP: 128/152 MP: 35/35
 44367 | Elf:3    | Entered Level 3 of the Elven Halls
 44549 | Elf:3    | Found Omiom's Firing Range.
 44754 | Elf:3    | Found Ycoppia's Antique Weapon Emporium.
 44759 | Elf:3    | Found Ythyeq's Book Emporium.
 44791 | Elf:3    | Learned a level 4 spell: Dispel Undead
 46475 | D:14     | Found a shadowy altar of Dithmenos.
 46571 | D:15     | Entered Level 15 of the Dungeon
 47026 | D:15     | Found a staircase to the Depths.
 47071 | D:15     | Found Iffainei's Antique Weapon Shoppe.
 47211 | D:15     | Reached skill level 16 in Stealth
 48655 | Elf:3    | Noticed a Hell Sentinel
 49246 | Elf:3    | Reached XP level 20. HP: 142/161 MP: 32/37
 49463 | Elf:3    | Identified the ring of Harmony {rF+ rN+++ Dex-5 Slay+6
                  | SInv}
 49557 | Elf:3    | Found the +3 giant club "Skullcrusher" {speed, Str+7}
 49564 | Elf:3    | Identified the +1 plate armour of the Farmer {rPois Will+
                  | Int+4 Dex+3}
 49616 | Elf:3    | Identified the +5 falchion of Nattaick {elec, +Blink rN+++
                  | Will+ MP-9}
 49669 | Elf:3    | Got Advanced Steps in Sorcery
 49819 | Elf:3    | Identified the +5 mace "Rasiock" {pain, *Slow rN+ Str+4
                  | SInv}
 50082 | Vaults:1 | Entered Level 1 of the Vaults
 50173 | Vaults:1 | Reached skill level 15 in Fighting
 50410 | Vaults:1 | Found Isyitoux's General Store.
 50506 | Vaults:1 | Learned a level 1 spell: Apportation
 50921 | Vaults:1 | Reached skill level 15 in Invocations
 52422 | Vaults:2 | Noticed Asterion
 52432 | Vaults:2 | Killed Asterion
 52798 | Vaults:2 | Noticed Xafer's ghost (adept DsGl)
 52799 | Vaults:2 | Found a transporter.
 52811 | Vaults:2 | Identified the +0 great mace "Pedyxeli" {freeze, rC+ Will-
                  | Dex+2}
 52821 | Vaults:2 | Killed Xafer's ghost
 52835 | Vaults:2 | Found a transporter.
 52973 | Vaults:2 | Reached XP level 21. HP: 160/169 MP: 39/39
 53059 | Vaults:2 | Found Avuysoo's Assorted Antiques.
 53957 | Vaults:3 | HP: 7/169 [tengu reaver simulacrum[a necromancer] (8)]
 54473 | Vaults:3 | Reached skill level 15 in Axes
 54473 | Vaults:3 | Reached skill level 15 in Dodging
 54531 | Vaults:3 | Found a staircase to the Crypt.
 54567 | Crypt:1  | Entered Level 1 of the Crypt
 55289 | Crypt:1  | Reached skill level 17 in Stealth
 56220 | Crypt:1  | Identified the +5 quarterstaff "Nineacish" {freeze, Str+4
                  | Dex+3}
 56929 | Crypt:2  | Found a basalt altar of Yredelemnul.
 57620 | Crypt:2  | Learned a level 5 spell: Irradiate
 57776 | Crypt:2  | Found a shimmering blue altar of Sif Muna.
 57782 | Crypt:2  | Identified the amulet "Muqe Dad" {RegenMP rElec}
 57891 | Crypt:2  | Got the Volume of Summoning
 58613 | Crypt:2  | Found a runed translucent gate.
 58613 | Crypt:2  | Found a runed translucent gate.
 58614 | Crypt:2  | Identified the +4 glaive "Xaewaqo" {venom, rC+ Str+3}
 58617 | Crypt:2  | Found a runed translucent gate.
 58619 | Crypt:2  | Found an iron altar of Okawaru.
 58619 | Crypt:2  | Noticed Luix's ghost (veteran MiGl)
 59155 | Vaults:4 | Reached XP level 22. HP: 113/178 MP: 32/40
 59192 | Vaults:4 | Found a transporter.
 59192 | Vaults:4 | Found the +1 cloak of Starlight {*Dazzle EV+4 Stlth--}
 59193 | Vaults:4 | Found a radiant altar of Vehumet.
 59231 | Vaults:4 | Found the +12 glaive of Prune {vorpal}
 59924 | Vaults:4 | Reached skill level 15 in Short Blades
 59924 | Vaults:4 | Reached skill level 15 in Long Blades
 59924 | Vaults:4 | Reached skill level 15 in Maces & Flails
 59924 | Vaults:4 | Reached skill level 15 in Polearms
 59924 | Vaults:4 | Reached skill level 15 in Staves
 59924 | Vaults:4 | Reached skill level 15 in Slings
 59924 | Vaults:4 | Reached skill level 15 in Bows
 59924 | Vaults:4 | Reached skill level 15 in Crossbows
 59924 | Vaults:4 | Reached skill level 15 in Throwing
 59924 | Vaults:4 | Reached skill level 15 in Armour
 59924 | Vaults:4 | Reached skill level 15 in Shields
 59924 | Vaults:4 | Reached skill level 15 in Unarmed Combat
 59924 | Vaults:4 | Reached skill level 15 in Spellcasting
 59924 | Vaults:4 | Reached skill level 15 in Evocations
 60068 | Vaults:4 | Noticed Bai Suzhen
 60084 | Vaults:4 | Killed Bai Suzhen
 60759 | Vaults:5 | Entered Level 5 of the Vaults
 60759 | Vaults:5 | Noticed an ancient lich
 61202 | Vaults:4 | Killed an ancient lich
 62700 | Vaults:4 | Reached XP level 23. HP: 107/186 MP: 30/42
 63955 | Vaults:5 | Identified the ring "Voriw" {Fly rC+ rN+ rCorr Dex-2}
 63974 | Vaults:5 | Identified the +10 flail "Mowessarr" {freeze, Str+4 Int+4}
 64095 | Vaults:5 | Noticed a golden dragon
 64106 | Vaults:5 | Killed a golden dragon
 64272 | Vaults:5 | Noticed a golden dragon
 64291 | Vaults:5 | Reached skill level 18 in Stealth
 64297 | Vaults:5 | Killed a golden dragon
 64571 | Vaults:5 | Got a silver rune of Zot
 64760 | Vaults:5 | Identified a scroll of acquirement
 64785 | Vaults:5 | Identified the ring "Sarag" {rPois rC+ MP+9 Stlth-}
 64925 | Vaults:5 | Acquired 540 gold pieces
 65114 | Vaults:5 | Noticed a golden dragon
 65124 | Vaults:5 | Killed a golden dragon
 65212 | Vaults:5 | Identified the +7 great sword "Neghuv" {flame, rF- Dex+4}
 66051 | Depths:1 | Entered Level 1 of the Depths
 66051 | Depths:1 | Found a large runed translucent door.
 66051 | Depths:1 | Found a large runed translucent door.
 66105 | Depths:1 | Identified the +6 mace "Tormentor" {antimagic, +Blink
                  | Stlth+}
 66246 | Depths:1 | Found a huge runed gate.
 66246 | Depths:1 | Found a huge runed gate.
 66246 | Depths:1 | Found a huge runed gate.
 66251 | Depths:1 | Found a huge runed gate.
 66252 | Depths:1 | Found a huge runed gate.
 66252 | Depths:1 | Found a huge runed gate.
 66252 | Depths:1 | Found a huge runed gate.
 66253 | Depths:1 | Found a huge runed gate.
 66253 | Depths:1 | Found a huge runed gate.
 66253 | Depths:1 | Found a huge runed gate.
 66263 | Depths:1 | Found a huge runed gate.
 66263 | Depths:1 | Found a huge runed gate.
 66263 | Depths:1 | Found a huge runed gate.
 66263 | Depths:1 | Found a huge runed gate.
 66263 | Depths:1 | Found a huge runed gate.
 66263 | Depths:1 | Found a huge runed gate.
 66264 | Depths:1 | Found a huge runed gate.
 66265 | Depths:1 | Found a huge runed gate.
 66266 | Depths:1 | Found a huge runed gate.
 66276 | Depths:1 | Found a huge runed gate.
 66276 | Depths:1 | Found a huge runed gate.
 66276 | Depths:1 | Found a huge runed gate.
 66276 | Depths:1 | Found a huge runed gate.
 66276 | Depths:1 | Found a huge runed gate.
 66276 | Depths:1 | Found a huge runed gate.
 66280 | Depths:1 | Found a huge runed gate.
 66281 | Depths:1 | Found a huge runed gate.
 66282 | Depths:1 | Found a huge runed gate.
 66394 | Depths:1 | Noticed frimble's ghost (adept MeIE)
 66394 | Depths:1 | Noticed Oleutuy's ghost (veteran SpVM)
 66394 | Depths:1 | Noticed Orcher's ghost (adept FeVM)
 66394 | Depths:1 | Noticed Qootikaff's ghost (adept DgFi)
 66394 | Depths:1 | Noticed Woytaw's ghost (adept HaHu)
 66394 | Depths:1 | Noticed Hyev's ghost (adept DsCA)
 66397 | Depths:1 | Noticed Atlas's ghost (veteran DsIE)
 66397 | Depths:1 | Noticed a juggernaut
 66404 | Depths:1 | Killed Orcher's ghost
 66406 | Depths:1 | Killed Hyev's ghost
 66414 | Depths:1 | Killed a juggernaut
 66428 | Depths:1 | Killed frimble's ghost
 66434 | Depths:1 | Killed Woytaw's ghost
 66436 | Depths:1 | Killed Atlas's ghost
 66438 | Depths:1 | Killed Oleutuy's ghost
 66450 | Depths:1 | Killed Qootikaff's ghost
 66527 | Depths:1 | Identified the +1 hat of Udghe {Will+ Str-3 Dex+2}
 66536 | Depths:1 | Identified the +3 leather armour of Mijakh {rN+ rCorr
                  | Int+2}
 66626 | Depths:1 | Found a gateway to Hell.
 66761 | Depths:1 | Reached XP level 24. HP: 194/195 MP: 43/43
 66877 | Depths:1 | Found Nepeog's Jewellery Emporium.
 66878 | Depths:1 | Found Dinum's Book Shop.
 66878 | Depths:1 | Found Myogua's Book Shop.
 66928 | Depths:1 | Learned a level 6 spell: Summon Cactus Giant
 67602 | Depths:1 | Reached skill level 15 in Summonings
 67696 | Depths:1 | Noticed a shard shrike
 67707 | Depths:1 | Killed a shard shrike
 67754 | Depths:1 | Identified the +5 arbalest of Generosity {penet, +Blink
                  | rCorr}
 67931 | Depths:1 | Identified the +1 battleaxe of Dithmenos, Keeping {pain,
                  | *Noise Dex+5}
 68049 | Depths:2 | Noticed Vv
 68078 | Depths:2 | Killed Vv
 68560 | Depths:2 | Identified the ring of the Cuttlefish {Ice Dex+3}
 68560 | Depths:2 | Noticed Josephina
 68867 | Depths:2 | Killed Josephina
 68867 | Depths:2 | Gained mutation: Your spells are a little easier to cast,
                  | but a little less powerful. [mutagenic glow]
 69073 | Depths:2 | Identified the ring of the Winnowing Gods {Fire Str+3 Int+5
                  | Stlth-}
 69539 | Depths:2 | Paralysed by a floating eye for 4 turns
 69543 | Depths:2 | Noticed a caustic shrike
 69555 | Depths:2 | Killed a caustic shrike
 69556 | Depths:2 | Reached XP level 25. HP: 108/203 MP: 15/43
 69794 | Depths:2 | Reached skill level 19 in Stealth
 69954 | Depths:2 | Found an opulent altar of Gozag.
 70020 | Depths:2 | Found a one-way gate leading to the halls of Pandemonium.
 70454 | Depths:3 | Identified the +7 scimitar of the Everdark {vorpal, Drain
                  | rCorr Int+2}
 70584 | Depths:3 | Identified the +8 scimitar "Qyuraus" {protect, rCorr Int+4
                  | SInv}
 70727 | Depths:3 | Noticed Mara
 71045 | Depths:3 | Found a one-way gate to the infinite horrors of the Abyss.
 71202 | Depths:3 | Killed a dread lich
 71213 | Depths:3 | Killed a dread lich
 71483 | Depths:3 | Found a one-way gateway to a ziggurat.
 71505 | Zig:1    | Entered Level 1 of a ziggurat
 71510 | Zig:1    | Identified the +4 spear of Disembowelment {freeze, Fly
                  | Str-5 Int+4}
 71521 | Zig:2    | Entered Level 2 of a ziggurat
 71603 | Zig:3    | Entered Level 3 of a ziggurat
 71667 | Zig:4    | Entered Level 4 of a ziggurat
 71861 | Zig:5    | Entered Level 5 of a ziggurat
 71871 | Zig:5    | Learned a level 3 spell: Mephitic Cloud
 71915 | Zig:5    | Identified the ring "Ybeam" {rElec rC+ AC+4}
 71935 | Zig:6    | Entered Level 6 of a ziggurat
 72047 | Zig:7    | Entered Level 7 of a ziggurat
 72401 | Depths:4 | Entered Level 4 of the Depths
 72600 | Depths:4 | Noticed Jory
 72602 | Depths:4 | Paralysed by a floating eye for 3 turns
 72611 | Depths:4 | Noticed a juggernaut
 72659 | Depths:4 | Noticed Parghit
 72683 | Depths:4 | Reached XP level 26. HP: 213/213 MP: 20/44
 72819 | Depths:4 | Found a gate to the Realm of Zot.
 73065 | Zot:1    | Entered Level 1 of the Realm of Zot
 73077 | Zot:1    | Slain by a black draconian

Illustrated notes

Levels and vault maps discovered:
D:1:      lightli_molten_gateway, layout_basic
D:2:      layout_loops_ring, serial_shops, nicolae_square_shop, uniq_sigmund,
          uniq_robin
D:3:      cheibrodos_helix_gallery, layout_basic, dreamdust_divine_triumvirate,
          nicolae_overflow_hidden_temple,
          hellmonk_ecumenical_altar_pennies_from_heaven, serial_corexii_hall,
          chequers_hall_statues_y, corexii_hall_statues_s
D:4:      layout_basic, temple_statues, lightli_ossuary_entry_decrepit_ruins,
          lightli_corner_chamber
D:5:      layout_cave_pools, serial_park, serial_park_tiny_pond,
          serial_park_avenue1, serial_park_square2, minmay_joined_circles,
          uniq_menkaure
D:6:      layout_rooms, okawaru_gym_becter, fedhas_altar_1, uniq_grinder,
          uniq_maggie
D:7:      layout_loops_ring, nicolae_vehumet_radiance, corexii_corridor_pit,
          hangedman_misty_isle
D:8:      layout_gridville, kennysheep_mini, lemuel_crystal_altar
D:9:      layout_small_grid, uniq_erolcha
D:10:     layout_grid_maze, nemelex_spade_bored_becter, dancing_weapons_uskayaw,
          lair_entry_dummy
D:11:     layout_cross
D:12:     layout_grid_maze, uniq_kirke
D:13:     layout_long_grid, david_vaults_5, portal_ice_cave_rime, abandoned_shop
D:14:     layout_basic, nicolae_dithmenos_through_a_glass_darkly
D:15:     hangedman_depths_entry_civil_slaughter, layout_loops_ring,
          serial_shops, shop
Temple:   corrupted_temple
Lair:1:   layout_roguey, basic_altar, lemuel_another_geyser, uniq_amaemon
Lair:2:   layout_cave_pods, elwin_shoals_entry_stream,
          minmay_snake_entry_guardpost_large, basic_altar,
          minmay_shattered_shrine, serial_bayou_shore_b
Lair:3:   layout_cellular_growth, chequers_serial_rivers_large_a,
          beast_lair_carwin_9
Lair:4:   layout_gridlike, st_stairs_10, uniq_rupert
Lair:5:   layout_misc_corridors, chequers_serial_rivers_room_b, uniq_sonja
Lair:6:   evilmike_catoblepas_cave, layout_small_grid,
          minmay_slime_entry_jelly_boxes, nicolae_lair_lindhole
Shoals:1: layout_shoals, serial_shops, shop, uniq_louise
Shoals:2: layout_shoals, serial_shops, bzr_entry_gold
Shoals:3: cheibrodos_shoals_gigantism, layout_shoals
Shoals:4: shoals_end_grunt_ice, layout_shoals, serial_shops, shop_fountains,
          minmay_shop_enchanted_jewellery, nicolae_specific_store
Snake:1:  layout_rooms, uniq_frances
Snake:2:  layout_honeycomb, grunt_ministairs_10, serial_bayou_shore_b
Snake:3:  kennysheep_snake, layout_misc_corridors, lemuel_oklob_altar,
          lemuel_fruit_tree, uniq_nikola, uniq_donald
Snake:4:  snake_pit, layout_misc_corridors, serial_shops,
          nicolae_shop_waterfront, shop, shop_scrolls, nicolae_shop_statue_plus,
          st_stairs_4, beargit_elvish_explorers
Orc:1:    layout_caves, enter_volcano_1, rock_pile
Orc:2:    grunt_orc_tribal_feast, layout_caves, minmay_orc_temple_b,
          uniq_jorgrun
Elf:1:    elf_arrival_001, layout_gridlike, serial_shops, nicolae_shop_trees,
          nicolae_shop_temple_entry_statues_fountains, shop,
          nicolae_square_shop, evilmike_minifort
Elf:2:    elven_hall_of_blades_hangedman_alternative
          [nicolae_blade_little_rooms], layout_geoelf_octagon,
          nicolae_elevator_lobby_asterisk
Elf:3:    minmay_elf_hall_circle, layout_geoelf_diagonals,
          ebering_dispersal_statue_hall, nicolae_shop_firing_range,
          minmay_shop_star
Vaults:1: nicolae_vaults_alarming, v_misc_23, nicolae_vaults_little_squares_3,
          v_rooms_2, vaults_standard_mumra_lines, v_alt_pattern_5,
          nicolae_vaults_mini_display_case, nicolae_vaults_theta, v_misc_14,
          grunt_vaults_funnel, nicolae_vaults_little_squares_6,
          vaults_room_pools, layout_vaults_ring, serial_shops, shop
Vaults:2: gammafunk_ghost_smash, v_pattern_2, vaults_room_door_ring, v_misc_5,
          vaults_room_corners, v_misc_14, v_alt_pattern_6,
          nicolae_vaults_sealed_display, nicolae_vaults_c_with_doors,
          layout_vaults_big_room, serial_shops,
          nicolae_shop_competitors_out_of_business, uniq_asterion
Vaults:3: nicolae_vaults_gold_heap, ontoclasm_vaults_gateway,
          vaults_room_semicircle, v_pattern_3, v_misc_10, v_misc_12,
          vaults_dpeg_hooks, ontoclasm_vaults_twist,
          vaults_room_grunt_arrival_ludios, minmay_crypt_entry_simple_walls,
          vaults_room_guarded_vault, vaults_room_door_hall,
          layout_vaults_omnigrid
Vaults:4: grunt_vaults_bifocal, nicolae_vaults_twisting_passages, v_rooms_1,
          vaults_room_octagon, ontoclasm_vaults_eye, vaults_room_semicircle,
          hangedman_vaults_corner_blocks, vaults_mumra_hexcomb, v_misc_33,
          gammafunk_sealed_library, grunt_vaults_hallway_long, v_misc_3,
          layout_vaults_maze, uniq_bai_suzhen
Vaults:5: serial_shops
Crypt:1:  layout_chaotic_city, grunt_megastairs_5, grunt_crypt_arrival_webbed,
          lemuel_upstairs_altar
Crypt:2:  layout_chaotic_city, gammafunk_ghost_fury_of_okawaru, basic_altar,
          hangedman_summoners_spam
Depths:1: lightli_eight_chambers, layout_cave_shapes, pf_hell_entry_tar_spiral,
          gammafunk_ghost_door_vault, kennysheep_generic_room_14,
          minmay_shop_grove
Depths:2: minmay_octagon_city, layout_cave_shapes, rand_demon_pan_entry_4,
          hell_entry, grunt_gozag_statues, grunt_megastairs_3,
          infiniplex_staircase_pillars_2, uniq_vv, uniq_josephina
Depths:3: minmay_the_grid_square_5x5_4x4
          [minmay_the_grid_square_5x5_checkered_sparse,
          minmay_the_grid_square_5x5_tie,
          minmay_the_grid_square_5x5_spiral_small,
          minmay_the_grid_square_5x5_inverted_slash,
          minmay_the_grid_square_5x5_percent,
          minmay_the_grid_square_5x5_prize_open,
          minmay_the_grid_square_5x5_prize_deathbox,
          minmay_the_grid_square_5x5_hourglass,
          minmay_the_grid_square_5x5_n_small,
          minmay_the_grid_square_5x5_prize_gold,
          minmay_the_grid_square_5x5_prize_itemx,
          minmay_the_grid_square_5x5_two_walls_b,
          minmay_the_grid_square_5x5_spiral,
          minmay_the_grid_square_5x5_two_small, minmay_the_grid_square_5x5_meh,
          minmay_the_grid_square_5x5_gyroscope], layout_basic, enter_ziggurat_c,
          grunt_mini_vestibule, grunt_pan_entry_zigzag, abyss_entry, uniq_mara
Depths:4: grunt_crosshair, layout_cave_pools, hell_entry, nrook_mini_backslash,
          abyss_entry, nrook_kobold_shadow_demons, uniq_jory, uniq_parghit
Zot:1:    layout_gridlike, evilmike_ambush [evilmike_ambush_outer_pillars,
          evilmike_ambush_inner_pond], grunt_megastairs_2

Skill      XL: |  1  2  3  4  5  6  7  8  9 10 11 12 13 14 15 16 17 18 19 20 21 22 23 24 25 |
---------------+----------------------------------------------------------------------------+-----
Stealth        | 10 11 12 13 14 15 16 17 18 19 | 19.4
Invocations    | 1 2 3 4 5 6 7 8 9 10 11 12 13 14 15 16 17 18 | 18.8
Short Blades   | 1 2 3 4 5 6 7 8 9 10 11 12 13 14 15 16 17 | 17.4
Long Blades    | 1 2 3 4 5 6 7 8 9 10 11 12 13 14 15 16 17 | 17.4
Maces & Flails | 1 2 3 4 5 6 7 8 9 10 11 12 13 14 15 16 17 18 | 18.7
Polearms       | 1 2 3 4 5 6 7 8 9 10 11 12 13 14 15 16 17 | 17.4
Staves         | 1 2 3 4 5 6 7 8 9 10 11 12 13 14 15 16 17 | 17.4
Slings         | 1 2 3 4 5 6 7 8 9 10 11 12 13 14 15 16 17 | 17.4
Bows           | 1 2 3 4 5 6 7 8 9 10 11 12 13 14 15 16 17 | 17.4
Crossbows      | 1 2 3 4 5 6 7 8 9 10 11 12 13 14 15 16 17 | 17.4
Throwing       | 1 2 3 4 5 6 7 8 9 10 11 12 13 14 15 16 17 | 17.4
Armour         | 1 2 3 4 5 6 7 8 9 10 11 12 13 14 15 16 17 | 17.4
Shields        | 1 2 3 4 5 6 7 8 9 10 11 12 13 14 15 16 17 | 17.4
Unarmed Combat | 1 2 3 4 5 6 7 8 9 10 11 12 13 14 15 16 17 | 17.4
Spellcasting   | 1 2 3 4 5 6 7 8 9 10 11 12 13 14 15 16 17 | 17.4
Evocations     | 1 2 3 4 5 6 7 8 9 10 11 12 13 14 15 16 17 | 17.4
Conjurations   | 1 2 3 4 5 6 7 8 9 10 11 12 13 14 | 14.8
Hexes          | 1 2 3 4 5 6 7 8 9 10 11 12 13 14 | 14.8
Summonings     | 1 2 3 4 5 6 7 8 9 10 11 12 13 14 15 16 | 16.7
Necromancy     | 1 2 3 4 5 6 7 8 9 10 11 12 13 14 | 14.8
Translocations | 1 2 3 4 5 6 7 8 9 10 11 12 13 14 | 14.8
Transmutations | 1 2 3 4 5 6 7 8 9 10 11 12 13 14 | 14.8
Fire Magic     | 1 2 3 4 5 6 7 8 9 10 11 12 13 14 | 14.8
Ice Magic      | 1 2 3 4 5 6 7 8 9 10 11 12 13 14 | 14.8
Air Magic      | 1 2 3 4 5 6 7 8 9 10 11 12 13 14 | 14.8
Earth Magic    | 1 2 3 4 5 6 7 8 9 10 11 12 13 14 | 14.8
Poison Magic   | 1 2 3 4 5 6 7 8 9 10 11 12 13 14 | 14.8
Axes           | 5 6 7 8 9 10 11 12 13 14 15 16 17 | 17.9
Dodging        | 5 6 7 8 9 10 11 12 13 14 15 16 17 | 17.9
Fighting       | 7 8 9 10 11 12 13 14 15 16 17 18 | 18.4

Action                   |  1- 3 |  4- 6 |  7- 9 | 10-12 | 13-15 | 16-18 | 19-21 | 22-24 | 25-27 || total
-------------------------+-------+-------+-------+-------+-------+-------+-------+-------+-------++-------
Melee: Hand axe          |   110 |    66 |       |       |       |       |       |       |       ||   176
       Bite              |     8 |     5 |    22 |    91 |   145 |    83 |   191 |   216 |    58 ||   819
       Punch             |       |     1 |     6 |     1 |       |       |       |       |       ||     8
       Flail             |       |    18 |   235 |   532 |  1032 |   551 |    19 |       |    28 ||  2415
       Dagger            |       |       |     3 |    37 |    13 |       |   172 |    68 |     1 ||   294
       Broad axe         |       |       |       |    21 |       |   138 |   737 |   926 |   228 ||  2050
       Double sword      |       |       |       |       |       |       |    53 |       |       ||    53
 Fire: Hand crossbow     |       |       |       |       |       |     7 |       |       |       ||     7
Throw: Throwing net      |       |       |     1 |     1 |       |       |     8 |     3 |     1 ||    14
 Cast: Scorch            |       |       |     5 |    28 |    64 |     5 |     2 |     1 |     5 ||   110
       Poisonous Vapours |       |       |       |    12 |    93 |    42 |     5 |    19 |    17 ||   188
       Petrify           |       |       |       |     6 |     9 |     2 |     9 |       |       ||    26
       Flame Wave        |       |       |       |     2 |     9 |     7 |     3 |     1 |     1 ||    23
       Summon Lightning  |       |       |       |       |    77 |    39 |     6 |     1 |     4 ||   127
       Borgnjor's Vile C |       |       |       |       |    29 |    93 |   118 |    55 |    12 ||   307
       Olgreb's Toxic Ra |       |       |       |       |       |    12 |    15 |     4 |     5 ||    36
       Alistair's Intoxi |       |       |       |       |       |     2 |       |       |       ||     2
       Fireball          |       |       |       |       |       |    59 |    34 |    32 |     3 ||   128
       Dispel Undead     |       |       |       |       |       |       |   136 |    32 |     6 ||   174
       Apportation       |       |       |       |       |       |       |     1 |       |       ||     1
       Irradiate         |       |       |       |       |       |       |     5 |    53 |    15 ||    73
       Hailstorm         |       |       |       |       |       |       |       |     2 |       ||     2
       Summon Cactus Gia |       |       |       |       |       |       |       |       |     3 ||     3
Invok: Potion Petition   |       |       |       |       |     2 |     2 |     4 |       |       ||     8
       Bribe Branch      |       |       |       |       |     1 |     1 |     1 |     1 |     2 ||     6
Evoke: Wand              |       |       |     5 |    11 |     1 |     4 |     1 |    13 |     4 ||    39
  Use: Scroll            |     8 |     3 |     4 |    19 |    16 |    14 |    10 |     8 |     4 ||    86
       Potion            |     1 |     3 |     4 |     8 |     4 |     8 |     3 |    10 |     1 ||    42
 Stab: Sleeping          |    10 |     5 |    12 |    14 |    17 |    25 |    32 |     9 |     3 ||   127
       Distracted        |       |       |     2 |    11 |    19 |    16 |    25 |    48 |    13 ||   134
       Held in net/web   |       |       |     1 |       |       |       |       |       |       ||     1
       Petrified         |       |       |       |     4 |    10 |     1 |     4 |       |       ||    19
       Petrifying        |       |       |       |     1 |     2 |       |       |       |       ||     3
       Invisible         |       |       |       |       |     3 |       |       |     5 |       ||     8
       Paralysed         |       |       |       |       |     2 |       |     1 |       |       ||     3
Armor: Leather armour    |     4 |       |       |       |       |       |       |       |       ||     4
       Ring mail         |    59 |    27 |    55 |       |    50 |       |       |       |       ||   191
       Skin              |       |       |     1 |       |       |       |       |       |       ||     1
       Swamp dragon scal |       |       |    21 |   260 |   425 |   292 |   441 |   525 |   138 ||  2102
Dodge: Dodged            |    51 |    62 |   169 |   387 |   725 |   381 |   566 |   506 |   131 ||  2978
Block: Buckler           |       |       |       |   180 |   328 |   180 |   326 |    74 |       ||  1088
       Kite shield       |       |       |       |       |       |       |       |   419 |   148 ||   567

Table legend: (Time is in decaauts)
 A = Elapsed time spent in this place.
 B = Non-inter-level travel time spent in this place.
 C = Inter-level travel time spent in this place.
 D = Time resting spent in this place.
 E = Time spent auto-exploring this place.
 F = Levels seen in this place.
 G = Mean time per level.
                   A        B        C        D        E       F      G
               +--------+--------+--------+--------+--------+-----+--------+
         Total |  73482 |  68536 |   4946 |  15671 |  31334 |  60 | 1224.7 |
       Dungeon |  20780 |  18287 |   2493 |   3914 |   8846 |  15 | 1385.3 |
        Temple |     48 |     36 |     12 |      0 |     23 |   1 |   48.0 |
          Lair |  10985 |  10615 |    370 |   3482 |   4333 |   6 | 1830.8 |
        Shoals |   5186 |   4974 |    212 |    635 |   2885 |   4 | 1296.5 |
     Snake Pit |   5788 |   5653 |    135 |   1444 |   2363 |   4 | 1447.0 |
  Orcish Mines |   1906 |   1531 |    375 |      7 |    875 |   2 |  953.0 |
   Elven Halls |   4850 |   4369 |    481 |   1000 |   1816 |   3 | 1616.7 |
        Vaults |  11183 |  10573 |    610 |   3020 |   4672 |   5 | 2236.6 |
         Crypt |   4145 |   4054 |     91 |   1141 |   1602 |   2 | 2072.5 |
        Depths |   6329 |   6165 |    164 |    686 |   3140 |   4 | 1582.2 |
           Zot |      5 |      5 |      0 |      0 |      0 |   1 |    5.0 |
         Abyss |    286 |    286 |      0 |      0 |      0 |   3 |   95.3 |
      Ziggurat |    566 |    566 |      0 |    140 |    148 |   7 |   80.9 |
        Bazaar |    143 |    143 |      0 |      0 |     64 |   1 |  143.0 |
      Ice Cave |   1014 |   1014 |      0 |    200 |    420 |   1 | 1014.0 |
       Volcano |    261 |    261 |      0 |      0 |    144 |   1 |  261.0 |
               +--------+--------+--------+--------+--------+-----+--------+

Top non-repeatable levels by time:
Vaults:4: 3994 daAuts
  Lair:2: 3275 daAuts
  Lair:6: 2699 daAuts
    D:10: 2459 daAuts
Depths:2: 2175 daAuts
 Crypt:1: 2156 daAuts
Vaults:5: 2100 daAuts
Depths:1: 2038 daAuts
 Crypt:2: 1989 daAuts
     D:4: 1949 daAuts
     D:7: 1916 daAuts
   Elf:3: 1914 daAuts
Vaults:3: 1905 daAuts
  Lair:1: 1786 daAuts
 Snake:3: 1779 daAuts
